 Dungeon Crawl Stone Soup version 0.27.1 (webtiles) character file.

Game seed: 688459263064969278

189 AIAndy the Insei (level 5, -13/28 (33) HPs)
             Began as an Octopode Transmuter on Aug 23, 2021.
             Was an Initiate of Nemelex Xobeh.
             Mangled by a wight (16 damage)
             ... on level 3 of the Dungeon.
             The game lasted 00:14:43 (3302 turns).

AIAndy the Insei (Octopode Transmuter)              Turns: 3302, Time: 00:14:43

HP:   -13/28 (33)   AC:  1    Str: 10    XL:     5   Next: 68%
MP:   5/8           EV: 13    Int: 16    God:    Nemelex Xobeh [......]
Gold: 156           SH:  0    Dex: 12    Spells: 2/8 levels left

rFire    . . .     SeeInvis +     - Unarmed
rCold    . . .     Faith    .   (no shield)
rNeg     . . .     Spirit   .   (helmet currently unavailable)
rPois    .         Reflect  .   (no amulet)
rElec    .         Harm     .   v - ring of see invisible
rCorr    .         Rampage  .   (no ring)
Will     .....                  (no ring)
Stlth    ++........             (no ring)
HPRegen  0.09/turn              (no ring)
MPRegen  0.11/turn              (no ring)
                                (no ring)
                                (no ring)

@: appendages, wereblooded, flying, heavily drained
A: tentacle spike 3, almost no armour, amphibious, 8 rings, camouflage 1,
gelatinous body 1, (nimble swimmer 1), tentacles
a: End Transformation, Renounce Religion, Draw Escape, Draw Destruction, Draw
Summoning


You were on level 3 of the Dungeon.
You worshipped Nemelex Xobeh.
Nemelex Xobeh was noncommittal.
One of your tentacles had grown a beastly spike.
You visited 1 branch of the dungeon, and saw 3 of its levels.

You collected 156 gold pieces.


Innate Abilities, Weirdness & Mutations

One of your tentacles has grown a beastly spike.
You cannot wear most types of armour.
You are amphibious.
You can wear up to eight rings at the same time.
Your skin changes colour to match your surroundings (Stealth+).
Your rubbery body absorbs attacks. (AC +1, EV +1)
((You are camouflaged near water. (Stealth+)))
You have tentacles for arms and can constrict up to eight enemies at once.


   Skills:
 - Level 1.0 Fighting
 - Level 2.0 Dodging
 + Level 4.8 Unarmed Combat
 - Level 2.0 Spellcasting
 + Level 4.2 Transmutations


You had 2 spell levels left.
You knew the following spells:

 Your Spells              Type           Power      Damage    Failure   Level
b - Beastly Appendage     Tmut           30%        N/A       3%          1
s - Spider Form           Tmut/Pois      4%         N/A       26%         3
w - Wereblood             Tmut           15%        N/A       5%          2

Your spell library contained the following spells:

 Spells                   Type           Power      Damage    Failure   Level
 Passwall                 Tmut/Erth      6%         N/A       13%         2
 Sandblast                Erth           2%         2d4       21%         1
 Ice Form                 Ice/Tmut       8%         N/A       65%         4
 Lee's Rapid Deconstruct  Erth           0%         3d5*      99%         5

Inventory:

Missiles
 a - 61 stones
 l - 2 throwing nets {=f}
Armour
 c - a +2 hat (melded)
Jewellery
 v - a ring of see invisible (left tentacle)
Scrolls
 d - a scroll of noise {unknown}
 e - a scroll of teleportation {unknown}
 f - a scroll of identify {unknown}
 h - 3 scrolls of magic mapping {unknown}
 k - a scroll of fog {unknown}
Potions
 b - 2 potions of heal wounds {unknown}
 g - a potion of flight
 i - a potion of curing {unknown}
 j - a potion of might {unknown}

Dungeon Overview and Level Annotations

Branches:
Dungeon (3/15)

Altars:
Nemelex Xobeh

Shops:
D:3

( #...+...##.# #.#.
#...#.####.# #.#.
#...#.####.# #.#.
#.....##...####### ..#.
#...####.###.z...# ###.
##'## #.###.###.# #.
#.#####.##...##.# #.
#.....#.##z..##....# #.
#####)#.@z...##......#
#. ###)####...##......#
#. #..........##.......z
####........####....#.##
#.....................#
#........##############
#........# ..........#
...........


You could see 2 wights.


Message History

Your blood is infused with primal strength.
You barely miss the wight. Your grab misses the wight.
You tentacle-slap the wight. You grab the wight.
The wight is lightly damaged.
You constrict the wight, but do no damage.
The wight misses you. The wight barely misses you.
You tentacle-slap the wight.
You pierce the wight, but do no damage.
The wight is lightly damaged.
You constrict the wight.
The wight hits you with a +1 morningstar of draining.
You feel drained. x2
The wight hits you from afar with a +0 halberd!!
Ouch! That really hurt!
* * * LOW HITPOINT WARNING * * *
You tentacle-slap the wight.
You pierce the wight, but do no damage.
The wight is moderately damaged.
You constrict the wight, but do no damage.
The wight hits you with a +1 morningstar of draining.
* * * LOW HITPOINT WARNING * * *
You feel drained.
* * * LOW HITPOINT WARNING * * *
The wight completely misses you.
It was a potion of flight.
You feel very buoyant.
You fly up into the air.
You constrict the wight, but do no damage.
The wight hits you with a +1 morningstar of draining!
Ouch! That really hurt!
You die...
Your body disappears without a glow.

Skill      XL: |  1  2  3  4  5 |
---------------+----------------+-----
Transmutations | 3 4 |  4.2
Unarmed Combat | 4 |  4.8
Fighting       | |  1.0
Dodging        | |  2.0
Spellcasting   | |  2.0

Action                   |  1- 3 |  4- 6 || total
-------------------------+-------+-------++-------
Melee: Unarmed           |    90 |    52 ||   142
       Constrict         |    23 |    16 ||    39
       Tentacles         |    13 |     8 ||    21
       Kick              |    19 |    18 ||    37
       Punch             |     2 |     1 ||     3
 Cast: Beastly Appendage |    23 |    11 ||    34
       Wereblood         |    19 |     9 ||    28
  Use: Potion            |       |     1 ||     1
 Stab: Sleeping          |     5 |     1 ||     6
Armor: Skin              |    13 |     2 ||    15
Dodge: Dodged            |    48 |    26 ||    74

Levels and vault maps discovered:
D:1:      kb_arrival_jail, layout_basic, minmay_misc_feat_rows
D:2:      layout_basic, basic_altar, minmay_misc_feat_roman, st_stairs_2
D:3:      layout_basic, mainiacjoe_overflow_alcove_4, serial_shops, shop,
          serial_glass, glass_columns_c, glass_columns_a, glass_columns_a,
          glass_columns_c, glass_columns_b, glass_columns_b, uniq_jessica

Notes
Turn   | Place    | Note
-------+----------+-------------------------------------------
     0 | D:1      | AIAndy the Octopode Transmuter began the quest for the Orb.
     0 | D:1      | Reached XP level 1. HP: 13/13 MP: 3/3
     2 | D:1      | Noticed a djinni
     2 | D:1      | Noticed a gargoyle
     4 | D:1      | Noticed a spriggan
     4 | D:1      | Noticed a formicid
     6 | D:1      | Noticed an elf
     8 | D:1      | Noticed a barachi
     8 | D:1      | Noticed a vine stalker
    10 | D:1      | Noticed a human
    10 | D:1      | Noticed a minotaur
    12 | D:1      | Noticed a felid
    14 | D:1      | Noticed an octopode
    14 | D:1      | Noticed a ghoul
    16 | D:1      | Noticed a dwarf
    16 | D:1      | Noticed a demigod
    18 | D:1      | Noticed a draconian
    20 | D:1      | Noticed a tengu
    20 | D:1      | Noticed a demonspawn
    22 | D:1      | Noticed a merfolk
    22 | D:1      | Noticed an ogre
    24 | D:1      | Noticed a vampire
    24 | D:1      | Noticed a naga
    26 | D:1      | Noticed a palentonga
    26 | D:1      | Noticed a troll
   472 | D:1      | Reached XP level 2. HP: 18/18 MP: 3/5
   481 | D:1      | Learned a level 2 spell: Wereblood
   953 | D:1      | Reached XP level 3. HP: 22/23 MP: 6/6
  1528 | D:2      | Reached skill level 3 in Transmutations
  2308 | D:2      | Reached skill level 4 in Unarmed Combat
  2308 | D:2      | Reached XP level 4. HP: 27/28 MP: 3/7
  2312 | D:2      | Learned a level 3 spell: Spider Form
  2508 | D:2      | Found a sparkling altar of Nemelex Xobeh.
  2521 | D:2      | Became a worshipper of Nemelex Xobeh the Trickster
  2670 | D:3      | Found Zuprixu's Weapon Shoppe.
  2713 | D:3      | Noticed Jessica
  2721 | D:3      | Killed Jessica
  2796 | D:3      | Reached XP level 5. HP: 31/33 MP: 3/8
  3003 | D:3      | Reached skill level 4 in Transmutations
  3302 | D:3      | Mangled by a wight

Vanquished Creatures
  A gnoll shaman (D:3)
  Jessica (D:3)
  4 gnolls (D:3)
  3 adders
  2 worms (D:2)
  2 dart slugs (D:3)
  3 orcs (D:3)
  7 endoplasms
  3 giant cockroaches
  6 hobgoblins
  3 quokkas
  A ball python (D:1)
  5 bats (D:1)
  3 frilled lizards
  2 goblins (D:2)
  6 kobolds
  6 rats
58 creatures vanquished.

Table legend: (Time is in decaauts)
 A = Elapsed time spent in this place.
 B = Non-inter-level travel time spent in this place.
 C = Inter-level travel time spent in this place.
 D = Time resting spent in this place.
 E = Time spent auto-exploring this place.
 F = Levels seen in this place.
 G = Mean time per level.
                   A        B        C        D        E       F      G
               +--------+--------+--------+--------+--------+-----+--------+
         Total |   3290 |   3266 |     24 |    530 |   2173 |   3 | 1096.7 |
       Dungeon |   3290 |   3266 |     24 |    530 |   2173 |   3 | 1096.7 |
               +--------+--------+--------+--------+--------+-----+--------+

Top non-repeatable levels by time:
     D:2: 1423 daAuts
     D:1: 1201 daAuts
     D:3: 666 daAuts

Table legend:
 A = Non-vault XP
 B = Vault XP
 C = Vault XP percentage of total XP
 D = Non-vault monster count
 E = Vault monster count
 F = Vault count percentage of total count
                 A         B        C        D         E       F
            +---------+---------+-------+---------+---------+-------
      Total |     229 |      41 |  15.2 |      55 |       3 |   5.2
            +---------+---------+-------+---------+---------+-------
        D:1 |      39 |       0 |   0.0 |      25 |       0 |   0.0
        D:2 |      58 |       4 |   6.5 |      16 |       2 |  11.1
        D:3 |     132 |      37 |  21.9 |      14 |       1 |   6.7
            +---------+---------+-------+---------+---------+-------
